 Dungeon Crawl Stone Soup version 0.21.1-1-g345015f (webtiles) character file.

43114 troglodite the Protected (level 13, -6/109 HPs)
             Began as a Demonspawn Berserker on Mar 15, 2018.
             Was a High Priest of Trog.
             Killed from afar by a raiju (10 damage)
             ... with a living lightning
             ... on level 3 of the Abyss on Mar 19, 2018.
             The game lasted 01:23:50 (20924 turns).

troglodite the Protected (Demonspawn Berserker)    Turns: 20924, Time: 01:23:50

Health: -6/109     AC: 23    Str: 20    XL:     13   Next: 89%
Magic:  0/13       EV: 18    Int:  7    God:    Trog [*****.]
Gold:   466        SH:  6    Dex: 24    Spells: 12/12 levels left

rFire    + + +     SeeInvis .   P - +8 trident of the Stork {freeze, rF++ Int-5}
rCold    + . .     Gourm    .   a - +0 buckler {rN+}
rNeg     + . .     Faith    .   O - +0 chain mail of Gehenna {Str-2 Int+3 Dex+3 Stlth+} (curse)
rPois    +         Spirit   +   N - +1 helmet of the Twenty Planets {Str+3}
rElec    .         Reflect  .   (no cloak)
rCorr    .         Harm     .   s - +0 pair of gloves
MR       .....                  Q - +2 pair of boots {Stlth+}
Stlth    +++.......             t - amulet of regeneration
HPRegen  0.68/turn              b - ring of protection from cold
MPRegen  0.26/turn              L - ring "Paguf" {rPois rF+ EV+2}

@: agile, berserk cooldown, slowed, very slow
A: claws 2, slimy green scales 2, powered by pain 1, magic shield, magic
regeneration
a: Berserk, Trog's Hand, Brothers in Arms, Burn Spellbooks, Renounce Religion


You were on level 3 of the Abyss.
You worshipped Trog.
Trog was extremely pleased with you.
You were not hungry.

You visited 2 branches of the dungeon, and saw 16 of its levels.
You visited the Abyss 1 time.
You also visited: Sewer.

You collected 2141 gold pieces.
You spent 1675 gold pieces at shops.

Inventory:

Hand Weapons
 k - a +2 dagger of electrocution
 z - a +1 falchion of freezing
 C - a +4 triple sword of distortion
 D - a +2 antimagic rapier
 P - the +8 trident of the Stork (weapon) {freeze, rF++ Int-5}
   (You bought it in a shop on level 2 of the Orcish Mines)

   It has been specially enchanted to freeze those struck by it, causing extra
   injury to most foes and up to half again as much damage against particularly
   susceptible opponents.
   It can also slow down cold-blooded creatures.
   It affects your intelligence (-5).
   It greatly protects you from fire.
Armour
 a - a +0 buckler of positive energy (worn)
 g - the +0 chain mail "Enwainn" {rF+}
   (You found it on level 4 of the Dungeon)

   It protects you from fire.
 s - a +0 pair of gloves (worn)
 N - the +1 helmet of the Twenty Planets (worn) {Str+3}
   (You bought it in a shop on level 2 of the Orcish Mines)

   It affects your strength (+3).
 O - the cursed +0 chain mail of Gehenna (worn) {Str-2 Int+3 Dex+3 Stlth+}
   (You bought it in a shop on level 2 of the Orcish Mines)

   It affects your strength (-2).
   It affects your intelligence (+3).
   It affects your dexterity (+3).
   It makes you more stealthy.
   It has a curse placed upon it.
 Q - a +2 pair of boots of stealth (worn)
 S - a +0 shield
Jewellery
 b - a ring of protection from cold (left hand)
 n - an uncursed ring of resist corrosion
 t - an amulet of regeneration (around neck)
 y - an uncursed ring of see invisible
 G - an uncursed ring of protection from fire
 L - the ring "Paguf" (right hand) {rPois rF+ EV+2}
   (You bought it in a shop on level 11 of the Dungeon)

   [ring of evasion]

   It affects your evasion (+2).
   It protects you from fire.
   It protects you from poison.
Wands
 h - a wand of digging (21)
 m - a wand of iceblast (5)
 E - a wand of acid (12)
 F - a wand of flame (14)
 I - a wand of enslavement (5)
Scrolls
 d - 5 scrolls of identify
 e - 2 scrolls of enchant armour
 i - a scroll of silence
 l - 2 scrolls of fear
 q - 3 scrolls of magic mapping
 u - 5 scrolls of remove curse
 v - a scroll of enchant weapon
 B - 2 scrolls of fog
 K - 4 scrolls of teleportation
Potions
 f - 3 potions of curing
 j - 3 potions of agility
 o - 2 potions of haste
 p - 2 potions of might
 r - 3 potions of mutation
 w - a potion of brilliance
 x - 2 potions of berserk rage
 A - a potion of magic
 H - 2 potions of cancellation
 J - 4 potions of flight
 R - a potion of heal wounds
Comestibles
 c - 19 rations


   Skills:
 * Level 12.4 Fighting
 + Level 7.8(10.0) Short Blades
 - Level 9.7(10.8) Long Blades
 * Level 5.8 Polearms
 * Level 12.8 Armour
 + Level 4.3 Dodging
 + Level 2.0 Stealth
 * Level 3.0 Shields


You had 12 spell levels left.
You didn't know any spells.

Dungeon Overview and Level Annotations

Branches:
Dungeon (14/15)            Temple (0/1) D:6            Lair (0/6) D:11
    Orc (2/2) D:10            Elf (0/3) Orc:2        Vaults (0/5) D:13

Altars:
Ashenzari
Dithmenos
Fedhas
Kikubaaqudgha
Makhleb
Nemelex Xobeh
Okawaru
Qazlal
Ru
Sif Muna
Trog
Vehumet
Xom
Zin
The Shining One
Beogh

Shops:
D:4 (   D:11 =   D:13 !   Orc:2 [[}?}(


Innate Abilities, Weirdness & Mutations

You have very sharp fingernails.
You are mostly covered in slimy green scales. (AC +3)
You sometimes gain a little power by taking damage.
When hurt, damage is shared between your health and your magic reserves.
You regenerate magic rapidly.


Message History

The flying skull misses you.
The flying skull hits you but does no damage.
A kobold demonologist comes into view. It is wielding a dagger.
Unknown command.
Your deep troll goes berserk!
You feel quite a bit more hungry.
The Executioner hits you but does no damage.
The Executioner barely misses you.
The Executioner hits you but does no damage.
The flying skull completely misses you. The Executioner hits you!
* * * LOW HITPOINT WARNING * * *
You block the Executioner's attack. The Executioner completely misses you.
The flying skull barely misses you. The Executioner closely misses you.
The Executioner hits you but does no damage. x2
The raiju bursts into living lightning!
The living lightning hits you!
* * * LOW HITPOINT WARNING * * *
The living lightning hits your deep troll. x2
The living lightning hits you!
You die...

#.# #.#.# ≈ # .#
.## ...# #.# #.. #
.≈≈≈≈##...##.#
#≈≈... #####
#...#. #.†## .
..#... ##.# #
......##h#.##.#
.......z@........
........T1.K......
..##..##..##..##..
#.. #. #..# ..# ..
.... .... .....
.... .##..# ##.
#..#


You could see an Executioner, a kobold demonologist, a raiju, a flying skull and
a friendly deep troll (berserk).

Vanquished Creatures
  Snorg (Orc:1)
  A slime creature (D:12)
  2 vault guards (D:13)
  5 two-headed ogres
  2 ogre magi (Orc:2)
  A tengu warrior (D:14)
  Urug (Orc:1)
  An unseen horror (D:11)
  3 orc knights
  A manticore (D:13)
  2 deep elf magi
  A necromancer (D:13)
  A cyclops (D:13)
  5 orc sorcerers
  2 ugly things (D:11)
  2 gargoyles
  2 centaur skeletons
  5 kobold demonologists
  7 trolls
  Prince Ribbit (D:5)
  Grinder (D:4)
  A hippogriff (D:7)
  A meliai zombie (D:13)
  2 raiju (Abyss:3)
  A hippogriff (shapeshifter) (D:14)
  2 wyverns
  A shadow (D:9)
  5 wraiths
  A basilisk (D:9)
  35 yaks
  2 hungry ghosts
  17 humans (D:13)
  A vampire mosquito (D:9)
  2 steam dragons
  5 wargs
  An acid dragon (D:13)
  2 water moccasins
  16 orc warriors
  2 black bears
  4 ice beasts
  2 phantoms
  An eye of draining (D:10)
  2 sky beasts
  6 centaurs
  14 ogres
  2 crocodiles
  5 big kobolds
  9 bullfrogs
  2 wyvern skeletons
  3 scorpions
  6 killer bees (D:10)
  15 wights
  An electric eel (D:13)
  8 howler monkeys
  A small abomination (Abyss:3)
  3 centaur zombies
  5 crimson imps
  2 quasits
  7 hounds
  2 bullfrog zombies
  3 jellies
  12 orc priests
  3 bullfrog skeletons
  13 worker ants
  4 iguanas
  24 orc wizards
  A killer bee zombie (D:7)
  2 hound skeletons
  13 adders
  2 shadow imps
  An ooze (D:3)
  7 worms
  A dart slug (D:1)
  4 leopard geckos
  92 orcs
  9 giant cockroaches
  7 goblins
  11 hobgoblins
  15 jackals
  2 quokkas
  A ball python (D:2)
  6 bats
  4 frilled lizards
  A jackal skeleton (D:4)
  19 kobolds
  A leopard gecko zombie (D:5)
  15 rats
517 creatures vanquished.

Vanquished Creatures (collateral kills)
  Josephine (Orc:1)
  An ogre mage (Orc:1)
  A vault guard (D:13)
  A two-headed ogre (Orc:1)
  Nergalle (Orc:1)
  2 necromancers (D:13)
  An orc sorcerer (Orc:2)
  A troll (Orc:2)
  A slime creature (D:12)
  A wraith (Orc:1)
  A warg (Orc:2)
  4 orc warriors
  2 ogres (Orc:1)
  2 orc priests (Orc:1)
  7 orc wizards
  8 orcs
35 creatures vanquished.

Vanquished Creatures (others)
  5 orc wizards
  2 orcs
  A lurking horror (Abyss:3)
8 creatures vanquished.

Grand Total: 560 creatures vanquished

Notes
Turn   | Place    | Note
-------+----------+-------------------------------------------
     0 | D:1      | troglodite the Demonspawn Berserker began the quest for the Orb.
     0 | D:1      | Reached XP level 1. HP: 18/18 MP: 1/1
   176 | D:1      | Gained mutation: When hurt, damage is shared between your health and your magic reserves. [demonic ancestry]
   176 | D:1      | Reached XP level 2. HP: 20/24 MP: 2/2
   794 | D:2      | Gained mutation: You are partially covered in slimy green scales. (AC +2) [demonic ancestry]
   794 | D:2      | Reached XP level 3. HP: 29/29 MP: 3/3
  1158 | D:2      | Reached ** piety under Trog
  1579 | D:2      | Noticed a moth of wrath
  1581 | D:2      | Found a bloodstained altar of Trog.
  1940 | D:3      | Reached XP level 4. HP: 32/37 MP: 2/4
  2001 | D:3      | Found a glowing drain.
  2035 | Sewer    | Entered a sewer
  2134 | Sewer    | Noticed a crocodile
  2141 | Sewer    | Killed a crocodile
  2141 | Sewer    | Gained mutation: You have sharp fingernails. [demonic ancestry]
  2141 | Sewer    | Reached XP level 5. HP: 42/42 MP: 5/5
  2331 | D:3      | Reached skill level 1 in Stealth
  2420 | D:3      | Reached *** piety under Trog
  2787 | D:4      | Reached XP level 6. HP: 49/49 MP: 6/6
  2800 | D:4      | Noticed a sky beast
  2850 | D:4      | Killed a sky beast
  3028 | D:4      | Reached skill level 1 in Short Blades
  3191 | D:4      | Found an iron altar of Okawaru.
  3484 | D:4      | Found Ade Addo's Antique Weapon Emporium.
  3664 | D:4      | Reached XP level 7. HP: 55/55 MP: 7/7
  3685 | D:4      | Noticed Grinder
  3685 | D:4      | Paralysed by Grinder for 5 turns
  3693 | D:4      | Killed Grinder
  3693 | D:4      | Reached skill level 5 in Fighting
  3937 | D:4      | Got a dazzling chain mail
  3948 | D:4      | Identified the cursed +0 chain mail "Enwainn" {rF+} (You found it on level 4 of the Dungeon)
  4068 | D:4      | Reached **** piety under Trog
  4290 | D:5      | Entered Level 5 of the Dungeon
  4352 | D:5      | Reached skill level 5 in Armour
  4556 | D:5      | Found a sparkling altar of Nemelex Xobeh.
  4653 | D:5      | Gained mutation: You are mostly covered in slimy green scales. (AC +3) [demonic ancestry]
  4653 | D:5      | Reached XP level 8. HP: 45/63 MP: 4/8
  4802 | D:5      | Found a glowing golden altar of the Shining One.
  4928 | D:5      | Noticed Prince Ribbit
  4935 | D:5      | Killed Prince Ribbit
  5253 | D:5      | Found a burning altar of Makhleb.
  5649 | D:6      | Found a staircase to the Ecumenical Temple.
  5688 | D:6      | Found a shattered altar of Ashenzari.
  5708 | D:6      | Received a gift from Trog
  5886 | D:6      | Found a blossoming altar of Fedhas.
  6329 | D:7      | Reached XP level 9. HP: 66/71 MP: 9/9
  6524 | D:7      | Reached skill level 5 in Short Blades
  6839 | D:7      | Identified Cecoroon's Reference Book on Boosting Stones
  6844 | D:7      | Reached ***** piety under Trog
  6887 | D:7      | Found a stormy altar of Qazlal.
  6890 | D:7      | Found a deep blue altar of Sif Muna.
  7286 | D:8      | Found a shadowy altar of Dithmenos.
  7659 | D:8      | Gained mutation: You regenerate magic rapidly. [demonic ancestry]
  7659 | D:8      | Reached XP level 10. HP: 80/80 MP: 10/10
  7718 | D:8      | Found a roughly hewn altar of Beogh.
  8841 | D:9      | Noticed a two-headed ogre
  8851 | D:9      | Killed a two-headed ogre
  9008 | D:9      | Noticed a tengu warrior
  9328 | D:9      | Noticed a two-headed ogre
  9339 | D:9      | Killed a two-headed ogre
  9339 | D:9      | Received a gift from Trog
  9409 | D:9      | Reached skill level 10 in Armour
  9427 | D:9      | Reached XP level 11. HP: 89/89 MP: 9/11
  9567 | D:9      | Found a sacrificial altar of Ru.
  9954 | D:10     | Entered Level 10 of the Dungeon
  9954 | D:10     | Found a staircase to the Orcish Mines.
 10731 | D:10     | Reached skill level 5 in Long Blades
 11541 | D:11     | Noticed a two-headed ogre
 11550 | D:11     | Killed a two-headed ogre
 11550 | D:11     | Reached skill level 10 in Fighting
 11917 | D:11     | Found a staircase to the Lair.
 11969 | D:11     | Noticed a white ugly thing
 11981 | D:11     | Killed a white ugly thing
 12184 | D:11     | Killed an unseen horror
 12246 | D:11     | Noticed a brown ugly thing
 12256 | D:11     | Killed a brown ugly thing
 12333 | D:11     | Received a gift from Trog
 12482 | D:11     | Found Obeff's Jewellery Emporium.
 12485 | D:11     | Bought the ring "Paguf" {rPois rF+ EV+2} for 394 gold pieces
 12508 | D:11     | Found a glowing silver altar of Zin.
 12574 | D:11     | Gained mutation: You sometimes gain a little power by taking damage. [demonic ancestry]
 12574 | D:11     | Reached XP level 12. HP: 60/99 MP: 9/12
 14302 | D:12     | Found a shimmering altar of Xom.
 14575 | Orc:1    | Entered Level 1 of the Orcish Mines
 14575 | Orc:1    | Noticed Snorg
 14575 | Orc:1    | Noticed Urug
 14594 | Orc:1    | Noticed Josephine
 14611 | Orc:1    | HP: 4/100 [Josephine/ghostly fireball (15)]
 14612 | Orc:1    | Killed Josephine
 15207 | Orc:2    | Entered Level 2 of the Orcish Mines
 15207 | Orc:2    | Found Likhlaemno's Antique Armour Emporium.
 15269 | Orc:2    | Bought a faintly humming helmet for 209 gold pieces
 15279 | Orc:2    | Identified the +1 helmet of the Twenty Planets {Str+3} (You bought it in a shop on level 2 of the Orcish Mines)
 15279 | Orc:2    | Bought a shimmering chain mail for 209 gold pieces
 15289 | Orc:2    | Identified the cursed +0 chain mail of Gehenna {Str-2 Int+3 Dex+3 Stlth+} (You bought it in a shop on level 2 of the Orcish Mines)
 15411 | Orc:2    | Noticed a two-headed ogre
 15418 | Orc:2    | Killed a two-headed ogre
 15420 | Orc:2    | Found a staircase to the Elven Halls.
 15874 | Orc:2    | Received a gift from Trog
 15932 | Orc:2    | Found a deep blue altar of Sif Muna.
 16268 | Orc:1    | Noticed a two-headed ogre
 16272 | Orc:1    | Killed a two-headed ogre
 16501 | Orc:2    | Received a gift from Trog
 16505 | Orc:2    | Paralysed by an orc sorcerer for 6 turns
 16507 | Orc:2    | Noticed an ogre mage
 16512 | Orc:2    | Noticed an ogre mage
 16560 | Orc:2    | Paralysed by an ogre mage for 4 turns
 16561 | Orc:2    | Noticed Nergalle
 16579 | Orc:1    | Killed an ogre mage
 16899 | Orc:1    | Paralysed by an orc sorcerer for 4 turns
 17064 | Orc:1    | Gained mutation: You have very sharp fingernails. [demonic ancestry]
 17064 | Orc:1    | Reached XP level 13. HP: 107/107 MP: 10/13
 17068 | Orc:1    | Killed Nergalle
 17477 | Orc:2    | Found Feufo's Armour Boutique.
 17638 | Orc:1    | Killed Snorg
 17648 | Orc:1    | Killed Urug
 18151 | Orc:2    | Found Cumo's Gadget Boutique.
 18202 | Orc:2    | Found an ancient bone altar of Kikubaaqudgha.
 18257 | Orc:2    | Found Seust's Magic Scroll Boutique.
 18295 | Orc:2    | Found a radiant altar of Vehumet.
 18337 | Orc:2    | Found a roughly hewn altar of Beogh.
 18337 | Orc:2    | Found Qapn's Antique Weapon Shop.
 18337 | Orc:2    | Found Wioblik's Gadget Boutique.
 18396 | Orc:2    | Bought a crude trident for 229 gold pieces
 18459 | Orc:2    | Bought a pair of runed boots for 165 gold pieces
 18599 | D:11     | Identified the +8 trident of the Stork {freeze, rF++ Int-5} (You bought it in a shop on level 2 of the Orcish Mines)
 18688 | Orc:2    | Bought a +0 buckler for 49 gold pieces
 18768 | D:11     | Bought an uncursed amulet of regeneration for 420 gold pieces
 19037 | D:13     | Reached skill level 1 in Polearms
 19091 | D:13     | Found Vienteor's Distillery.
 19245 | D:13     | Reached skill level 1 in Shields
 19544 | D:13     | Received a gift from Trog
 19831 | D:13     | Found a gate to the Vaults.
 20036 | D:13     | Reached skill level 5 in Polearms
 20799 | D:14     | Cast into level 3 of the Abyss (a wizard)
 20921 | Abyss:3  | Noticed an Executioner
 20924 | Abyss:3  | HP: 4/109 [raiju/living lightning (15)]
 20924 | Abyss:3  | Killed from afar by a raiju

Skill      XL: |  1  2  3  4  5  6  7  8  9 10 11 12 13 |
---------------+----------------------------------------+-----
Armour         | 2 3 4 5 6 8 10 11 12 | 12.8
Dodging        | 2 3 4 |  4.3
Long Blades    | 3 4 6 9 |  9.7
Fighting       | 4 5 6 8 9 10 11 12 | 12.4
Stealth        | 1 2 |  2.0
Short Blades   | 1 3 4 6 7 |  7.8
Polearms       | 5 |  5.8
Shields        | 3 |  3.0

Action                   |  1- 3 |  4- 6 |  7- 9 | 10-12 | 13-15 || total
-------------------------+-------+-------+-------+-------+-------++-------
Melee: Falchion          |   146 |    34 |       |       |       ||   180
       Dagger            |       |   159 |   349 |   336 |       ||   844
       Great sword       |       |       |       |   447 |    56 ||   503
       Trident           |       |       |       |       |   383 ||   383
Invok: Berserk           |     2 |     6 |     7 |    25 |     9 ||    49
       Burn Spellbooks   |       |     1 |     2 |       |       ||     3
       Brothers in Arms  |       |       |       |     7 |     3 ||    10
  Use: Scroll            |       |    11 |     1 |    14 |     2 ||    28
       Potion            |       |     2 |       |     4 |     1 ||     7
 Stab: Distracted        |       |       |       |     1 |       ||     1
  Eat: Chunk             |     5 |    12 |    18 |    37 |    19 ||    91
       Ration            |       |       |       |     7 |     2 ||     9
Armor: Animal skin       |    26 |       |       |       |       ||    26
       Chain mail        |    40 |   124 |   148 |   620 |   304 ||  1236
Dodge: Dodged            |    88 |    87 |    99 |   475 |   309 ||  1058
Block: Buckler           |       |       |       |       |    80 ||    80
       Shield            |       |       |       |       |    60 ||    60
       Rpst.: Falchion   |    29 |     4 |       |       |       ||    33
       Great sword       |       |       |       |   108 |    11 ||   119
